 Dungeon Crawl Stone Soup version 0.30-a0-799-g109b55a442 (webtiles) character file.

Game seed: 14121999100370041735

596 AzureAlchemist the Digger (level 7, -1/32 HPs)
             Began as a Vine Stalker Earth Elementalist on Feb 20, 2023.
             Slain by Duvessa
             ... wielding a +0 short sword
              (5 damage)
             ... on level 5 of the Dungeon.
             The game lasted 00:23:39 (4658 turns).

AzureAlchemist the Digger (VSEE)                    Turns: 4658, Time: 00:23:40

Health: -1/32      AC:  3    Str: 10    XL:     7   Next: 40%
Magic:  0/14       EV: 12    Int: 15    God:
Gold:   274        SH:  0    Dex: 17    Spells: 4/14 levels left

rFire   . . .      SeeInvis +    b - +0 sling
rCold   + . .      Faith    .    (no shield)
rNeg    . . .      Spirit   +    d - +0 robe
rPois   .          Reflect  .    (no helmet)
rElec   .          Harm     .    (no cloak)
rCorr   .          Rampage  .    j - +0 pair of gloves
Will    .....                    (no boots)
Stlth   ++                       (no amulet)
HPRegen 1.05/turn                h - ring of protection from cold
MPRegen 0.14/turn                q - ring of see invisible

@: attractive
A: fangs 2, regeneration 1, magic shield, antimagic bite, no potion heal 2
a: no special abilities


You were on level 5 of the Dungeon.
You visited 1 branch of the dungeon, and saw 5 of its levels.
You also visited: Sewer.

You collected 274 gold pieces.

Inventory:

Hand Weapons
 a - a +1 dagger
 b - a +0 sling (weapon)
Missiles
 g - 5 poisoned darts
 l - a throwing net
Armour
 d - a +0 robe (worn)
 j - a +0 pair of gloves (worn)
 o - an orb of guile
Jewellery
 c - a ring of fire
 h - a ring of protection from cold (left hand)
 q - a ring of see invisible (right hand)
Scrolls
 p - 2 scrolls of identify
Potions
 e - a potion of mutation {unknown}
 f - 3 potions of attraction
 i - 3 potions of magic
 k - 2 potions of haste {unknown}
 m - 4 potions of might {unknown}


   Skills:
 - Level 1.5 Dodging
 - Level 2.4 Stealth
 - Level 4.0 Spellcasting
 - Level 5.0 Conjurations
 + Level 2.3 Transmutations
 - Level 5.0 Earth Magic


You had 4 spell levels left.
You knew the following spells:

 Your Spells              Type           Power      Damage    Failure   Level
a - Sandblast             Erth           36%        2d10      2%          1
b - Passwall              Tmut/Erth      11%        N/A       6%          2
c - Stone Arrow           Conj/Erth      36%        3d9       7%          3
d - Petrify               Tmut/Erth      14%        N/A       36%         4

Your spell library contained the following spells:

 Spells                   Type           Power      Damage    Failure   Level
 Freeze                   Ice            12%        1d3       19%         1
 Hailstorm                Conj/Ice       10%        3d5       19%         3
 Ignite Poison            Fire/Tmut/Pois 5%         N/A       36%         3
 Frozen Ramparts          Ice            6%         1d1       47%         3
 Gell's Gravitas          Tloc           3%         N/A       47%         3
 Kindle Blastsparks       Fire/Tloc/Air  6%         2d10      47%         3
 Teleport Other           Tloc           3%         N/A       47%         3
 Freezing Cloud           Conj/Ice/Air   3%         6-21      95%         5
 Dispersal                Tloc           1%         N/A       100%        6


Dungeon Overview and Level Annotations

Branches:
Dungeon (5/15)              Sewer (visited)
 Temple: D:4-7

Altars:
Wu Jian
The Shining One

Shops:
D:4 ?[[[

Annotations:
D:3 2 transporters, souper's ghost, amateur DsHu
D:5 Dowan; Duvessa


Innate Abilities, Weirdness & Mutations

You have extremely sharp teeth.
Your natural rate of healing is unusually fast.
When hurt, damage is shared between your health and your magic reserves.
Your bite disrupts and absorbs the magic of your enemies.
Potions cannot restore your health.


Message History

Confirm with . or Enter, or press ? or * to list all spells.
The spell is quite dangerous to miscast (7% risk of failure)!
Continue anyway?
Okay, then.
Unknown command.
Casting: Stone Arrow (quite dangerous; 7% risk of failure)
Confirm with . or Enter, or press ? or * to list all spells.
Aiming: Sandblast (safe; 2% risk of failure)
Press: ? - help, Shift-Dir - straight line, f - Duvessa
Aim: Duvessa, wielding a +0 short sword and wearing a +0 leather armour (fast, 84% to hit)
The blast of sand hits Duvessa!
Duvessa is moderately wounded.
Duvessa hits you with a +0 short sword. Duvessa closely misses you.
Casting: Sandblast (safe; 2% risk of failure)
Confirm with . or Enter, or press ? or * to list all spells.
Aiming: Sandblast (safe; 2% risk of failure)
Press: ? - help, Shift-Dir - straight line, f/p - Duvessa
Aim: Duvessa, wielding a +0 short sword and wearing a +0 leather armour (moderately wounded, fast, 84% to hit)
The blast of sand hits Duvessa but does no damage.
Duvessa is moderately wounded.
Duvessa hits you with a +0 short sword! x3
* * * LOW HITPOINT WARNING * * *
As you read the scroll labelled GITRIO KINWIPS, it crumbles to dust.
It is a scroll of enchant weapon.
Your +0 dagger glows red for a moment.
Duvessa says, "Where magic fails, the sword succeeds!"
Duvessa hits you with a +0 short sword!
* * * LOW HITPOINT WARNING * * *
The air fills with toxic fumes!
As you read the scroll labelled ASUT KOTTEAS, it crumbles to dust.
It was a scroll of poison.
Duvessa hits you with a +0 short sword.
* * * LOW HITPOINT WARNING * * *
Duvessa hits you but does no damage.
You aren't carrying any items that you can evoke.
Unknown command.
Unknown command.
Okay, then.
It was a potion of attraction.
You feel attractive to monsters. Duvessa hits you with a +0 short sword.
You die...

#..# #.
#..##(##
#.e###..
##§§##..##
#..<#
#..###§§§###..#
##...#
#.§§§§§....##
..###....#
###§§§.####(#
#.....÷.##
#§§### ###
##...##.e##
#§§#
#..####..##
#§## #.# ###.##
#@# #.#
##.###e# #.#
#...§§## .#
##.§e§§# #
##§§§§...#
#§§§####.#
#§§## ####


You could see Duvessa (fast) and Dowan.

Vanquished Creatures
  A centaur (D:4)
  A hound (D:4)
  3 jellies
  An orc priest (D:4)
  Jessica (D:2)
  12 adders
  8 gnolls
  2 river rats
  A worm (D:5)
  A dart slug (D:4)
  12 orcs (D:4)
  2 bats
  15 endoplasms
  2 giant cockroaches
  7 hobgoblins
  12 jackals
  9 quokkas
  13 ball pythons
  5 frilled lizards
  6 goblins
  9 kobolds
  9 rats
132 creatures vanquished.

Notes
Turn   | Place    | Note
-------+----------+-------------------------------------------
     0 | D:1      | AzureAlchemist the Vine Stalker Earth Elementalist began
                  | the quest for the Orb.
     0 | D:1      | Reached XP level 1. HP: 9/9 MP: 4/4
   100 | D:1      | Reached XP level 2. HP: 13/13 MP: 0/6
   194 | D:1      | Learned a level 2 spell: Passwall
   610 | D:1      | Reached XP level 3. HP: 16/16 MP: 7/7
   927 | D:2      | Found a faded altar of an unknown god.
  1074 | D:2      | Learned a level 3 spell: Stone Arrow
  1103 | D:2      | Found an ornate altar of the Wu Jian Council.
  1181 | D:2      | Gained mutation: Your natural rate of healing is unusually
                  | fast. [Vine Stalker growth]
  1181 | D:2      | Reached XP level 4. HP: 21/21 MP: 6/8
  1259 | D:2      | Noticed Jessica
  1274 | D:2      | Killed Jessica
  1275 | D:2      | Reached skill level 1 in Conjurations
  1275 | D:2      | Reached skill level 5 in Earth Magic
  1476 | D:2      | Reached XP level 5. HP: 24/24 MP: 7/9
  1657 | D:2      | You fall into a shaft and drop 2 floors!
  1657 | D:4      | Found Hecawkuo's Antique Armour Boutique.
  1666 | D:4      | Found Zojataidgha's Armour Boutique.
  1760 | D:4      | Found a glowing golden altar of the Shining One.
  2017 | D:3      | Found a transporter.
  2091 | D:3      | Found a transporter.
  2091 | D:3      | Identified the +2 dire flail of the Living Dead {venom,
                  | *Slow MP+9 Dex+2}
  2091 | D:3      | Noticed an ogre
  2091 | D:3      | Noticed souper's ghost (amateur DsHu)
  2091 | D:3      | Noticed an ogre
  2162 | D:3      | Found a glowing drain.
  2176 | Sewer    | Entered a sewer
  2413 | Sewer    | Reached XP level 6. HP: 28/28 MP: 7/10
  2469 | Sewer    | Found a viscous altar of Jiyva.
  3485 | D:4      | Found Poefiz's Armour Boutique.
  3523 | D:5      | Entered Level 5 of the Dungeon
  3582 | D:5      | Reached skill level 5 in Conjurations
  3728 | D:4      | Reached XP level 7. HP: 17/32 MP: 0/13
  3874 | D:4      | Learned a level 4 spell: Petrify
  4549 | D:4      | Found Deshohu's Magic Scroll Shoppe.
  4639 | D:5      | Noticed Duvessa
  4639 | D:5      | Noticed Dowan
  4658 | D:5      | Slain by Duvessa

Illustrated notes

Levels and vault maps discovered:
D:1:      lightli_arrival_flooded_house, layout_loops_ring, chequers_jeans,
          serial_bayou_pond_d, serial_bayou_pond_e
D:2:      layout_basic, basic_altar, dreamdust_ecumenical_altar_grove,
          chequers_serial_rivers_small_b, uniq_jessica
D:3:      layout_basic, gammafunk_ghost_smash, gup_sewer_entry_bubbles
D:4:      kb_forest_paths, layout_rooms, tso_oasis_becter,
          nicolae_ossuary_entry_plus, serial_shops, nicolae_shop_stone, shop,
          shop_coins, shop, kennysheep_crisscross, grunt_decor_fettered
D:5:      layout_layer_cave, minmay_temple_entry_stoned_glass, uniq_pikel,
          uniq_duvessa

Skill      XL: |  1  2  3  4  5  6  7 |
---------------+----------------------+-----
Earth Magic    | 4 5 |  5.0
Conjurations   | 2 4 5 |  5.0
Spellcasting   | 3 4 |  4.0
Transmutations | 2 |  2.3
Dodging        | |  1.5
Stealth        | |  2.4

Action                     |  1- 3 |  4- 6 |  7- 9 || total
---------------------------+-------+-------+-------++-------
  Melee: Dagger            |     7 |     5 |       ||    12
         Bite              |     1 |     1 |       ||     2
   Fire: Sling             |    23 |    51 |    27 ||   101
   Cast: Sandblast         |    34 |    90 |    41 ||   165
         Passwall          |     1 |     9 |       ||    10
         Stone Arrow       |       |       |     1 ||     1
    Use: Scroll            |       |     5 |     3 ||     8
         Potion            |       |       |     1 ||     1
 Armour: Robe              |     4 |     8 |     4 ||    16
  Dodge: Dodged            |    15 |    34 |    26 ||    75

Table legend: (Time is in decaauts)
 A = Elapsed time spent in this place.
 B = Non-inter-level travel time spent in this place.
 C = Inter-level travel time spent in this place.
 D = Time resting spent in this place.
 E = Time spent auto-exploring this place.
 F = Levels seen in this place.
 G = Mean time per level.
                   A        B        C        D        E       F      G
               +--------+--------+--------+--------+--------+-----+--------+
         Total |   4821 |   4588 |    233 |    810 |   2365 |   6 |  803.5 |
       Dungeon |   4362 |   4129 |    233 |    703 |   2187 |   5 |  872.4 |
         Sewer |    459 |    459 |      0 |    107 |    178 |   1 |  459.0 |
               +--------+--------+--------+--------+--------+-----+--------+

Top non-repeatable levels by time:
     D:4: 1400 daAuts
     D:3: 1033 daAuts
     D:1: 942 daAuts
     D:2: 879 daAuts
   Sewer: 459 daAuts
     D:5: 105 daAuts
